 Dungeon Crawl Stone Soup version 0.31-a0-145-g046c7d2549 (webtiles) character file.

Game seed: 5783067772887600493

5846 Anon1729 the Fighter (level 10, -2/93 HPs)
             Began as a Minotaur Monk on June 5, 2023.
             Was a Follower of Uskayaw.
             Slain by a yak (4 damage)
             ... while petrified by a basilisk
             ... on level 9 of the Dungeon.
             The game lasted 00:07:01 (6964 turns).

Anon1729 the Fighter (Minotaur Monk)                Turns: 6964, Time: 00:07:01

Health: -2/93      AC: 12    Str: 18    XL:     10   Next: 51%
Magic:  13/13      EV:  2    Int:  7    God:    Uskayaw [*.....]
Gold:   269        SH:  0    Dex: 23    Spells: 9/9 levels left

rFire   + . .        x - +2 short sword (venom)
rCold   . . .        d - orb {light}
rNeg    + + +        h - +0 chain mail {rF+}
rPois   ∞            (helmet restricted)
rElec   .            (no cloak)
rCorr   .            (no gloves)
SInv    .            j - +1 pair of boots
Will    .....        m - amulet "Guwkefr Duit" {Reflect Str+2 SH+5} Stlth
                     v - +4 ring of protection
HPRegen 0.35/turn    I - +6 ring of dexterity
MPRegen 0.13/turn

%: reflection
@: petrified, corroded, glowing
A: horns 2, retaliatory headbutt
a: Renounce Religion, Stomp


You were on level 9 of the Dungeon.
You worshipped Uskayaw.
Uskayaw was noncommittal.
You visited 2 branches of the dungeon, and saw 10 of its levels.

You collected 529 gold pieces.
You spent 260 gold pieces at shops.

Inventory:

Hand Weapons
 a - a +0 falchion
 i - a +0 dagger of venom
 k - a +1 dagger of speed
 x - a +2 short sword of venom (weapon)
Armour
 d - an orb of light (worn)
 h - a +0 chain mail of fire resistance (worn)
 j - a +1 pair of boots (worn)
Jewellery
 m - the amulet "Guwkefr Duit" (around neck) {Reflect Str+2 SH+5}
   (You found it on level 2 of the Dungeon)

   [amulet of reflection]

   It reflects blocked missile attacks.
   Str:       It affects your strength (+2).
   SH:        It affects your SH (+5).
 o - a ring of positive energy
 v - a +4 ring of protection (left hand)
 I - a +6 ring of dexterity (right hand)
 J - a +6 ring of strength
 L - a ring of willpower
 M - an amulet of magic regeneration
 N - a +5 ring of evasion
 O - an amulet of faith
Wands
 q - a wand of polymorph (4)
 y - a wand of flame (17)
 K - a wand of mindburst (4)
Scrolls
 e - 3 scrolls of enchant weapon
 g - 3 scrolls of noise
 l - 2 scrolls of magic mapping
 p - a scroll of silence
 s - 2 scrolls of enchant armour
 t - 3 scrolls of fear
 z - 2 scrolls of teleportation
 C - a scroll of blinking
 E - a scroll of fog
 F - a scroll of summoning {unknown}
Potions
 b - 3 potions of brilliance {unknown}
 c - 3 potions of lignification {unknown}
 f - 2 potions of cancellation
 n - a potion of invisibility
 u - a potion of enlightenment {unknown}
 w - 2 potions of mutation {unknown}
 A - 2 potions of heal wounds
 B - 6 potions of curing
 D - a potion of might
 G - a potion of attraction {unknown}
 H - a potion of degeneration


   Skills:
 + Level 10.2 Fighting
 + Level 1.7(6.0) Short Blades
 + Level 10.1(10.2) Long Blades
 + Level 6.6 Armour
 + Level 9.2 Dodging
 + Level 5.5 Invocations


You had 9 spell levels left.
You didn't know any spells.
Your spell library contained the following spells:

 Spells                   Type           Power      Damage    Failure   Level
 Summon Small Mammal      Summ           0%         N/A       98%         1
 Call Canine Familiar     Summ           0%         N/A       100%        3
 Summon Guardian Golem    Hex/Summ       0%         N/A       100%        3


Dungeon Overview and Level Annotations

Branches:
Dungeon (9/15)             Temple (1/1) D:6            Lair (0/5) D:9
    Orc (0/2) D:9

Altars:
Ashenzari
Cheibriados
Dithmenos
Elyvilon
Fedhas
Gozag
Hepliaklqana
Kikubaaqudgha
Makhleb
Nemelex Xobeh
Okawaru
Qazlal
Ru
Sif Muna
Uskayaw
Vehumet
Wu Jian
Xom
Zin
The Shining One

Shops:
D:1 [   D:6 *!

Annotations:
D:2 1 runed translucent door, Crazy Yiuf
D:3 2 transporters


Innate Abilities, Weirdness & Mutations

You have a pair of horns on your head.
You reflexively headbutt those who attack you in melee.


Message History

The yak gores you! The wyvern bites you!
The scorpion stings you but does no damage.
The acid dragon spits acid at you. The splash of acid hits you.
The yak gores you!
* * * LOW HITPOINT WARNING * * *
The yak completely misses you. The wyvern bites you.
* * * LOW HITPOINT WARNING * * *
The yak barely misses you.
The scorpion stings you but does no damage.
You hear a shout!
The wyvern bites you!
* * * LOW HITPOINT WARNING * * *
The yak gores you!
* * * LOW HITPOINT WARNING * * *
The acid dragon spits acid at you. The splash of acid hits you!
* * * LOW HITPOINT WARNING * * *
The yak gores you.
* * * LOW HITPOINT WARNING * * *
The yak gores you but does no damage. The scorpion barely misses you.
The wyvern bites you but does no damage.
You can no longer pass through a line of other dancers.
The yak gores you.
* * * LOW HITPOINT WARNING * * *
The scorpion stings you.
* * * LOW HITPOINT WARNING * * *
The acid dragon bites you but does no damage.
The acid dragon claws you but does no damage.
The yak barely misses you.
The wyvern bites you but does no damage.
The yak completely misses you.
The howler monkey hoots and howls with incredible vigour!
The wyvern bites you!
* * * LOW HITPOINT WARNING * * *
The scorpion stings you.
* * * LOW HITPOINT WARNING * * *
The acid dragon bites you but does no damage.
The acid dragon claws you but does no damage.
The yak gores you!
You die...

........#...##.....###..,,,,,,,,,
....##.###..†###.>......,,,,,,,,,
....#### ##.†......#...,,,,,,**,,
...## **##......##.#,*,,,,,,,,,
....#####.#..........#..,,,,,,,,,
...[.#.##...............,,,,,,,,,
.>........#........#...P,,,,,,,*,
....##.#..#.....Ys.P....,,,,,,,*,
.......#.,#.....@Yh..♣..*,,,,**,,
.......#..##...lYD......,,,,,,,,,
.....<.....##....P.P...P,,,,,,,**
......................[.,,,,,*,,,
........#....>.......P..*,,,,*,,*
......................♣>,,,,,,,,,
#..................PP...,,,,,,,,*
#......#####............,,,,,,,,*
##..#.##,,**,,,,,,,,,,,,,,,,,,,**


You could see 3 yaks, a wyvern, an acid dragon, a scorpion and a howler monkey
(catching breath).

Vanquished Creatures
  Pikel (D:4)
  A hornet (D:7)
  Prince Ribbit (D:5)
  Eustachio (D:4)
  3 wyverns
  4 yaks (D:8)
  A basilisk (D:9)
  Menkaure (D:4)
  An acid dragon (D:9)
  2 water moccasins
  A sky beast (D:6)
  3 ice beasts
  An orc warrior (D:8)
  A black bear (D:7)
  2 ogres (D:5)
  A wolf (D:6)
  4 centaurs
  4 lemures (D:4)
  Blork the orc (D:4)
  4 bullfrogs
  A kobold brigand (D:8)
  3 gnoll sergeants (D:6)
  2 scorpions (D:7)
  6 wights
  3 killer bees (D:9)
  2 howler monkeys
  6 hounds
  A jelly (D:5)
  3 orc priests (D:8)
  An iguana (D:6)
  Ijyb (D:5)
  Terence (D:2)
  3 gnoll boudas (D:6)
  7 orc wizards
  7 adders
  20 gnolls
  A shadow imp (D:7)
  4 white imps
  An ufetubus (D:6)
  A worm (D:2)
  9 dart slugs
  32 orcs
  A ball python (D:2)
  10 endoplasms
  4 giant cockroaches
  5 goblins
  6 hobgoblins
  4 jackals (D:6)
  A quokka (D:3)
  2 bats
  A frilled lizard (D:1)
  14 kobolds
  6 rats
207 creatures vanquished.

Vanquished Creatures (others)
  A human (D:8)
1 creature vanquished.

Grand Total: 208 creatures vanquished

Notes
Turn   | Place    | Note
-------+----------+-------------------------------------------
     0 | D:1      | Anon1729 the Minotaur Monk began the quest for the Orb.
     0 | D:1      | Reached XP level 1. HP: 19/19 MP: 0/0
   105 | D:1      | Reached XP level 2. HP: 27/27 MP: 1/1
   199 | D:1      | Found Ukekimp's Armour Shop.
   470 | D:2      | Reached XP level 3. HP: 33/33 MP: 2/2
   486 | D:2      | Reached XP level 4. HP: 21/41 MP: 3/3
   599 | D:2      | Identified the amulet "Guwkefr Duit" {Reflect Str+2 SH+5}
   700 | D:2      | Found a runed translucent door.
   701 | D:2      | Noticed Crazy Yiuf
  1140 | D:2      | Noticed Terence
  1143 | D:2      | Killed Terence
  1144 | D:2      | Reached skill level 5 in Fighting
  1365 | D:3      | Found a transporter.
  1367 | D:3      | Found a transporter.
  1422 | D:3      | Reached XP level 5. HP: 48/48 MP: 4/4
  1585 | D:3      | Reached skill level 5 in Long Blades
  2120 | D:4      | Noticed Menkaure
  2132 | D:4      | HP: 1/48 [Menkaure (16)]
  2140 | D:4      | HP: 1/48 [Menkaure (6)]
  2141 | D:4      | Killed Menkaure
  2142 | D:4      | Reached skill level 5 in Dodging
  2142 | D:4      | Reached XP level 6. HP: 1/57 MP: 5/5
  2640 | D:4      | Noticed Pikel
  2657 | D:4      | Noticed Blork the orc
  2674 | D:4      | Killed Pikel
  2675 | D:4      | Reached XP level 7. HP: 49/66 MP: 6/6
  2679 | D:4      | Killed Blork the orc
  2847 | D:4      | Noticed Eustachio
  2857 | D:4      | Killed Eustachio
  2858 | D:4      | Reached XP level 8. HP: 61/73 MP: 7/7
  3152 | D:5      | Entered Level 5 of the Dungeon
  3252 | D:5      | Noticed Ijyb
  3259 | D:5      | Reached skill level 1 in Armour
  3276 | D:5      | Killed Ijyb
  3362 | D:5      | Reached skill level 1 in Invocations
  3677 | D:5      | Noticed Prince Ribbit
  3688 | D:5      | Killed Prince Ribbit
  3974 | D:5      | Found a sparkling altar of Nemelex Xobeh.
  3974 | D:5      | Found an opulent altar of Gozag.
  4059 | D:6      | Found Exesaip's General Store.
  4152 | D:6      | Bought a scroll of blinking for 105 gold pieces
  4152 | D:6      | Bought a potion of might for 56 gold pieces
  4271 | D:6      | Found a staircase to the Ecumenical Temple.
  4295 | Temple   | Entered the Ecumenical Temple
  4486 | Temple   | Became a worshipper of Uskayaw the Reveller
  4486 | Temple   | Reached * piety under Uskayaw
  4593 | D:6      | Found Ydafe Doej's Distillery.
  4602 | D:6      | Reached ** piety under Uskayaw
  4605 | D:6      | Reached *** piety under Uskayaw
  4676 | D:6      | Bought a potion of heal wounds for 55 gold pieces
  4676 | D:6      | Bought a potion of degeneration for 11 gold pieces
  4676 | D:6      | Bought a potion of curing for 33 gold pieces
  4698 | D:6      | Reached XP level 9. HP: 75/82 MP: 10/10
  4705 | D:6      | Reached **** piety under Uskayaw
  4711 | D:6      | Reached ***** piety under Uskayaw
  4721 | D:6      | Reached ****** piety under Uskayaw
  4816 | D:6      | Found a burning altar of Makhleb.
  4981 | D:6      | Found a glowing silver altar of Zin.
  4981 | D:6      | Found a shadowy altar of Dithmenos.
  4981 | D:6      | Found a glowing golden altar of the Shining One.
  4981 | D:6      | Found a white marble altar of Elyvilon.
  4987 | D:6      | Found a sacrificial altar of Ru.
  4987 | D:6      | Found an ornate altar of the Wu Jian Council.
  5491 | D:7      | Reached skill level 5 in Armour
  5975 | D:8      | Reached XP level 10. HP: 60/91 MP: 12/12
  6092 | D:8      | Reached skill level 5 in Invocations
  6395 | D:8      | Found a snail-covered altar of Cheibriados.
  6551 | D:8      | Found an ancient bone altar of Kikubaaqudgha.
  6662 | D:9      | Reached skill level 10 in Fighting
  6700 | D:8      | HP: 4/93 [wyvern (7)]
  6706 | D:8      | Reached skill level 1 in Short Blades
  6928 | D:9      | Reached skill level 10 in Long Blades
  6946 | D:9      | Found a staircase to the Lair.
  6964 | D:9      | HP: 2/93 [scorpion (3)]
  6964 | D:9      | Slain by a yak

Illustrated notes

Levels and vault maps discovered:
D:1:      lightli_arrival_boilingwater, layout_basic, serial_shops,
          nicolae_shop_behind_doors
D:2:      layout_loops_ring, uniq_terence, uniq_crazy_yiuf_cottage
D:3:      gammafunk_wand_slinger, layout_rooms
D:4:      layout_basic, uniq_blork_the_orc, uniq_pikel, uniq_eustachio,
          uniq_menkaure
D:5:      layout_basic, grunt_temple_overflow_opulence, uniq_ijyb,
          uniq_prince_ribbit1
D:6:      layout_cave_pools, minmay_overflow_temple_hex, bloody_makhleb,
          minmay_temple_entry_trees, serial_gnoll_camp, gnoll_camp_huts_basic,
          gnoll_camp_mini_basic, gnoll_camp_mini_house, gnoll_camp_mini_house,
          gnoll_camp_mini_shop, serial_shops, shop, nicolae_water_bricks
D:7:      layout_rooms, chequers_serial_rivers_micro_a
D:8:      layout_basic, mainiacjoe_overflow_boulevard, tgw_kikubaaqudgha
D:9:      layout_cave_pools, yredelemnul_forgotten_temple_becter,
          minmay_lair_entry_grove, erik_orc_2, gammafunk_ghost_hydra_chop,
          serial_shops, nicolae_shop_stone, special_room [special_room_kobold],
          enter_bailey_7, grunt_ministairs_2, blue_anna_alchemist
Temple:   compressed_dpeg_triangle_lava_temple

Skill      XL: |  1  2  3  4  5  6  7  8  9 10 |
---------------+-------------------------------+-----
Fighting       | 4 5 7 8 9 10 | 10.2
Long Blades    | 4 5 6 7 8 9 10 | 10.1
Dodging        | 4 5 6 7 8 9 |  9.2
Armour         | 3 5 6 |  6.6
Invocations    | 2 4 5 |  5.5
Short Blades   | 1 |  1.7

Action                     |  1- 3 |  4- 6 |  7- 9 | 10-12 || total
---------------------------+-------+-------+-------+-------++-------
  Melee: Falchion          |    48 |    60 |       |       ||   108
         Headbutt          |    10 |    35 |    99 |    35 ||   179
         Short sword       |       |    70 |   325 |    96 ||   491
 Invoke: Stomp             |       |       |       |     2 ||     2
         Line Pass         |       |       |       |     1 ||     1
    Use: Potion            |       |     5 |       |     1 ||     6
         Scroll            |       |       |       |     9 ||     9
   Stab: Paralysed         |       |       |    10 |     5 ||    15
 Armour: Chain mail        |    16 |    40 |   131 |    64 ||   251
         Robe              |     1 |       |       |       ||     1
  Dodge: Dodged            |    33 |    40 |   148 |    68 ||   289
  Block: Orb               |       |    11 |    54 |    14 ||    79
         Reflection        |       |     1 |       |       ||     1

Table legend: (Time is in decaauts)
 A = Elapsed time spent in this place.
 B = Non-inter-level travel time spent in this place.
 C = Inter-level travel time spent in this place.
 D = Time resting spent in this place.
 E = Time spent auto-exploring this place.
 F = Levels seen in this place.
 G = Mean time per level.
                   A        B        C        D        E       F      G
               +--------+--------+--------+--------+--------+-----+--------+
         Total |   6848 |   6567 |    281 |    323 |   5147 |  10 |  684.8 |
       Dungeon |   6646 |   6384 |    262 |    323 |   4970 |   9 |  738.4 |
        Temple |    202 |    184 |     18 |      0 |    177 |   1 |  202.0 |
               +--------+--------+--------+--------+--------+-----+--------+

Top non-repeatable levels by time:
     D:4: 1212 daAuts
     D:8: 1019 daAuts
     D:5: 916 daAuts
     D:2: 906 daAuts
     D:6: 904 daAuts
     D:7: 577 daAuts
     D:3: 555 daAuts
     D:1: 451 daAuts
  Temple: 202 daAuts
     D:9: 101 daAuts
